 Dungeon Crawl Stone Soup version 0.25.1-2-g60ff931df9 (webtiles) character file.

Game seed: 16089261483533710659

27 Peloso the Skirmisher (level 2, 27/27 HPs)
             Began as a Minotaur Fighter on Aug 12, 2020.
             Got out of the dungeon alive.
             The game lasted 00:01:26 (1120 turns).

Peloso the Skirmisher (Minotaur Fighter)            Turns: 1120, Time: 00:01:27

Health: 27/27      AC:  8    Str: 20    XL:     2   Next: 93%
Magic:  0/0        EV:  7    Int:  5    God:
Gold:   59         SH:  9    Dex:  9    Spells: 1/1 levels left

rFire    . . .     SeeInvis .   a - +0 long sword
rCold    . . .     Gourm    .   c - +0 kite shield
rNeg     . . .     Faith    .   b - +0 scale mail
rPois    .         Spirit   .   (helmet restricted)
rElec    .         Reflect  .   (no cloak)
rCorr    .         Harm     .   (no gloves)
MR       .....                  (no boots)
Stlth    ..........             (no amulet)
HPRegen  0.09/turn              (no ring)
MPRegen  0.07/turn              (no ring)

@: no status effects
A: retaliatory headbutt, horns 2, rugged brown scales 1, low mp 1, screaming 1
a: no special abilities


You escaped.
You were not hungry.

You visited 1 branch of the dungeon, and saw 2 of its levels.

You collected 59 gold pieces.

Inventory:

Hand Weapons
 a - a +0 long sword (weapon)
Missiles
 l - 26 bolts
Armour
 b - a +0 scale mail (worn)
 c - a +0 kite shield (worn)
Jewellery
 m - an uncursed amulet of regeneration {unknown}
 n - an uncursed ring of magical power {unknown}
Scrolls
 g - a scroll of fog {unknown}
 h - a scroll of immolation {unknown}
 k - 2 scrolls of identify {unknown}
 p - a scroll of enchant armour {unknown}
 q - a scroll of noise {unknown}
 s - a scroll of teleportation {unknown}
 t - a scroll of remove curse {unknown}
Potions
 d - a potion of might
 i - 3 potions of curing {unknown}
 j - a potion of brilliance {unknown}
 r - a potion of resistance {unknown}
 u - 2 potions of magic {unknown}
Comestibles
 f - 7 rations


   Skills:
 + Level 4.1 Fighting
 + Level 2.6 Long Blades
 + Level 4.0 Armour
 + Level 0.1 Dodging
 + Level 4.1 Shields


You had one spell level left.
You didn't know any spells.
Your spell library was empty.

Dungeon Overview and Level Annotations

Branches:
Dungeon (2/15)

Altars:


Innate Abilities, Weirdness & Mutations

You reflexively headbutt those who attack you in melee.
You have a pair of horns on your head.
You are partially covered in rugged brown scales. (AC +1, +3% HP)
Your magical capacity is low. (-10% MP)
You occasionally shout uncontrollably at your foes.


Message History

You barely miss the hobgoblin. Your headbutt misses the hobgoblin.
You block the hobgoblin's attack.
You hit the hobgoblin but do no damage. The hobgoblin closely misses you.
You closely miss the hobgoblin. The hobgoblin barely misses you.
You riposte.
You slash the hobgoblin!
You kill the hobgoblin!
You see here a cursed +0 club.
It was a potion of mutation.
You feel extremely strange.
You feel the urge to shout.
You feel less energetic.
Rugged brown scales grow over part of your body.
(D) Dungeon
Where to? (Enter - D:12, ? - help)
What level of the Dungeon? (default 1, ? - help)
There is a stone staircase leading up here.
You climb upwards.
Eating a chunk of flesh.
You eat the chunk of flesh.
This raw flesh tastes terrible.
There is a stone staircase leading down here.
There is a staircase leading out of the dungeon here.
Are you sure you want to leave the Dungeon?
This will make you lose the game!
You have escaped!

#≈≈≈≈.###...........##.#
#≈≈≈≈...8...........##.#
#≈≈≈≈...............##.##
#≈≈≈≈.............#.##...
#≈≈≈..............#......
#≈≈≈≈.........8..########
#≈≈≈≈..8.........#
#≈≈≈≈≈≈.......8..#
#≈≈≈≈..≈@.......##
#≈≈≈≈≈.≈≈.......#
≈≈≈≈≈≈.≈≈......##
≈≈≈≈≈≈≈≈.≈......#
≈≈≈≈≈≈≈≈.≈≈≈.≈≈≈#
≈≈≈≈≈≈≈≈≈≈≈.≈.≈≈#
≈≈≈≈≈≈≈≈≈≈≈≈≈≈≈≈#
≈≈≈≈≈≈≈≈≈≈≈≈≈≈≈≈#
################


There were no monsters in sight!

Vanquished Creatures
  An ooze (D:2)
  A dart slug (D:2)
  3 goblins (D:1)
  5 hobgoblins
  2 jackals (D:1)
  A quokka (D:2)
  2 bats
  A frilled lizard (D:1)
  2 rats
18 creatures vanquished.

Notes
Turn   | Place    | Note
-------+----------+-------------------------------------------
     0 | D:1      | Peloso the Minotaur Fighter began the quest for the Orb.
     0 | D:1      | Reached XP level 1. HP: 19/19 MP: 0/0
   425 | D:1      | Reached XP level 2. HP: 27/27 MP: 1/1
  1020 | D:2      | Gained mutation: You occasionally shout uncontrollably at
                  | your foes. [potion of mutation]
  1020 | D:2      | Gained mutation: Your magical capacity is low. (-10% MP)
                  | [potion of mutation]
  1020 | D:2      | Gained mutation: You are partially covered in rugged brown
                  | scales. (AC +1, +3% HP) [potion of mutation]
  1120 | D:$      | Got out of the dungeon alive.

Illustrated notes

Levels and vault maps discovered:
D:1:      nicolae_arrival_washed_ashore, layout_basic
D:2:      layout_loops_ring

Skill      XL: |  1  2 |
---------------+-------+-----
Fighting       | 4 |  4.1
Armour         | 4 |  4.0
Shields        | 4 |  4.1
Long Blades    | |  2.6
Dodging        | |  0.1

Action                   || total
-------------------------++-------
Melee: Long sword        ||    44
       Headbutt          ||    10
  Use: Potion            ||     1
  Eat: Chunk             ||     1
Armor: Scale mail        ||    21
Dodge: Dodged            ||    17
Block: Kite shield       ||    18
       Rpst.: Long sword ||     7
